 Dungeon Crawl Stone Soup version 0.22-a0-580-gd5db89c (webtiles) character file.

265 Amnesiac the Digger (level 5, 0/24 HPs)
             Began as a Spriggan Earth Elementalist on July 2, 2018.
             Was a Follower of Uskayaw.
             Slain by a mummy (15 damage)
             ... in an ossuary.
             The game lasted 00:09:22 (2929 turns).

Amnesiac the Digger (Spriggan Earth Elementalist)   Turns: 2929, Time: 00:09:23

Health: 0/24       AC:  2    Str:  4    XL:     5   Next: 99%
Magic:  12/12      EV: 18    Int: 17    God:    Uskayaw [*.....]
Gold:   118        SH:  0    Dex: 17    Spells: 0/12 levels left

rFire    . . .     SeeInvis +   (weapon restricted)
rCold    . . .     Gourm    .   (shield restricted)
rNeg     + . .     Faith    .   c - +0 robe
rPois    .         Spirit   .   (helmet restricted)
rElec    .         Reflect  .   (no cloak)
rCorr    .         Harm     .   (gloves unavailable)
MR       .....                  (boots unavailable)
Stlth    +++.......             (no amulet)
HPRegen  0.08/turn              a - ring of positive energy
MPRegen  0.13/turn              (no ring)

@: very quick
A: very small, unfitting armour, see invisible, herbivore, speed 3, slow
metabolism 2
a: Stomp, Renounce Religion


You were in an ossuary.
You worshipped Uskayaw.
Uskayaw was noncommittal.
You were not hungry.

You visited 1 branch of the dungeon, and saw 4 of its levels.
You also visited: Ossuary.

You collected 118 gold pieces.

Inventory:

Armour
 c - a +0 robe (worn)
Jewellery
 a - a ring of positive energy (left hand)
Wands
 h - a wand of enslavement (10)
Scrolls
 e - a scroll of immolation {!r, unknown}
 f - a scroll of identify {!r}
Potions
 g - 2 potions of mutation {!q, unknown}
 i - a potion of curing {!q}


   Skills:
 - Level 3.2 Dodging
 - Level 3.3 Stealth
 + Level 4.2 Spellcasting
 - Level 4.4 Transmutations
 - Level 4.4 Earth Magic


You couldn't memorise any spells.
You knew the following spells:

 Your Spells              Type           Power        Failure   Level  Hunger
a - Sandblast             Erth           ###...       2%          1    None
b - Passwall              Tmut/Erth      ###.....     3%          2    ##.....
d - Lee's Rapid Deconstr  Erth           ###.......   56%         5    ######.
e - Petrify               Tmut/Erth      ###.....     24%         4    ####...

Your spell library contained the following spells:

 Spells                   Type           Power        Failure   Level  Hunger
 Stone Arrow              Conj/Erth      ##....       19%         3    ###....


Dungeon Overview and Level Annotations

Branches:
Dungeon (4/15)
 Temple: D:4-7

Altars:
Kikubaaqudgha
Qazlal
Uskayaw
Vehumet

Annotations:
D:4 Duvessa


Innate Abilities, Weirdness & Mutations

You are very small and have problems with some larger weapons.
You are too small for most types of armour.
You have supernaturally acute eyesight. (SInv)
You are a herbivore.
You cover ground extremely quickly.
You need to consume almost no food.


Message History

The mummy is severely damaged.
You hit the mummy but do no damage.
The mummy is severely damaged.
You swing at nothing.
You barely miss the mummy.
The mummy is severely damaged.
The mummy hits you.
* * * LOW HITPOINT WARNING * * *
You hit the mummy but do no damage.
The mummy is severely damaged.
You hit the mummy but do no damage.
The mummy is severely damaged.
You start resting.
The mummy is too close now for your liking.
You start resting.
The mummy is too close now for your liking.
You hit the mummy.
The mummy is heavily damaged.
You hit the mummy.
The mummy is severely damaged.
The mummy barely misses you.
You swing at nothing.
You hit the mummy but do no damage.
The mummy is severely damaged.
You swing at nothing.
You hit the mummy.
The mummy is severely damaged.
The mummy completely misses you.
You hit the mummy.
The mummy is severely damaged.
You hit the mummy but do no damage.
The mummy is severely damaged.
You swing at nothing.
You completely miss the mummy.
The mummy is severely damaged.
You barely miss the mummy.
The mummy is severely damaged.
You barely miss the mummy.
The mummy is severely damaged.
You hit the mummy but do no damage.
The mummy is severely damaged.
You swing at nothing.
Okay, then.
Casting: Petrify (slightly dangerous; 24% risk of failure)
Confirm with . or Enter, or press ? or * to list all spells.
Okay, then.
You hit the mummy but do no damage.
The mummy is severely damaged.
You hit the mummy but do no damage.
The mummy is severely damaged.
You hit the mummy but do no damage.
The mummy is severely damaged.
You hit the mummy but do no damage.
The mummy is severely damaged.
You hit the mummy but do no damage.
The mummy is severely damaged.
You hit the mummy but do no damage.
The mummy is severely damaged.
You swing at nothing.
You hit the mummy.
The mummy is almost destroyed.
The mummy hits you!
Ouch! That really hurt!
You die...

#...#...#....# #.
#..###'###..## ##
#..#.....#..# #
#..###.###..# #
#..#.#.#.#..# #
#..#.#.#.#..# #
#..#'#.#'#..# #
#..#.....#..# #
#.@##...##..## ##
#.M.#...#....# #.
#...#...#....# #.
#...##.##....## ##M
#....#'#......###..
#..................
#..................
###################


You could see a mummy.

Vanquished Creatures
  3 elf zombies (Ossuary)
  2 big kobold zombies (Ossuary)
  An adder skeleton (D:4)
  An adder zombie (Ossuary)
  A worm (D:3)
  2 gnoll zombies (Ossuary)
  A frilled lizard (D:3)
  3 goblin zombies (Ossuary)
  4 hobgoblin zombies (Ossuary)
  2 jackal zombies (Ossuary)
  4 kobold zombies (Ossuary)
  An orc zombie (Ossuary)
  5 quokka zombies (Ossuary)
  A rat (D:3)
  4 rat zombies (Ossuary)
35 creatures vanquished.

Notes
Turn   | Place    | Note
-------+----------+-------------------------------------------
     0 | D:1      | Amnesiac the Spriggan Earth Elementalist began the quest for the Orb.
     0 | D:1      | Reached XP level 1. HP: 9/9 MP: 5/5
   203 | D:4      | Reached XP level 2. HP: 13/13 MP: 1/7
   207 | D:4      | Learned a level 2 spell: Passwall
   234 | D:3      | Found an ancient bone altar of Kikubaaqudgha.
   281 | D:3      | Noticed a dagger
   282 | D:3      | Noticed a hand axe
   283 | D:3      | Found a hide-covered altar of Uskayaw.
   328 | D:3      | Found a stormy altar of Qazlal.
   329 | D:3      | Found a radiant altar of Vehumet.
   348 | D:3      | Became a worshipper of Uskayaw the Reveler
   405 | D:4      | Noticed Duvessa
   603 | D:4      | Found a sand-covered staircase.
   607 | Ossuary  | Entered an ossuary
   651 | Ossuary  | Reached * piety under Uskayaw
  1049 | Ossuary  | Reached ** piety under Uskayaw
  1084 | Ossuary  | Reached XP level 3. HP: 10/16 MP: 0/8
  1389 | Ossuary  | Reached XP level 4. HP: 17/21 MP: 0/10
  1453 | Ossuary  | Learned a level 4 spell: Petrify
  1542 | Ossuary  | Reached XP level 5. HP: 20/24 MP: 3/11
  1779 | Ossuary  | Learned a level 5 spell: Lee's Rapid Deconstruction
  2929 | Ossuary  | Slain by a mummy

Vault maps used:
D:1:      dpeg_arrival_lava_altar
D:2:      overflow_temple_1_default
D:3:      dancing_weapons_uskayaw, lemuel_doored_altar,
          nicolae_overflow_hidden_temple, minitemple, first_ration,
          minmay_misc_feat_five, minmay_door_square, corexii_corridor_pit
D:4:      enter_ossuary_5, uniq_duvessa, uniq_pikel
Ossuary:  minmay_ossuary_two_tombs

Skill      XL: |  1  2  3  4  5 |
---------------+----------------+-----
Spellcasting   | 3 4 |  4.2
Earth Magic    | 3 4 |  4.4
Transmutations | 3 4 |  4.4
Dodging        | |  3.2
Stealth        | |  3.3

Action                   |  1- 3 |  4- 6 || total
-------------------------+-------+-------++-------
Melee: Unarmed           |    40 |   235 ||   275
 Cast: Sandblast         |    47 |    28 ||    75
       Passwall          |     2 |       ||     2
       Petrify           |       |     3 ||     3
  Use: Scroll            |       |     1 ||     1
 Stab: Distracted        |     1 |       ||     1
  Eat: Ration            |       |     2 ||     2
Armor: Robe              |     3 |    14 ||    17
Dodge: Dodged            |    35 |   138 ||   173

Table legend:
 A = Spawn XP
 B = Non-spawn XP
 C = Spawn XP percentage of total XP
 D = Spawn monster count
 E = Non-spawn monster count
 F = Spawn count percentage of total count
 G = Total turns spent on level
                    A         B        C        D         E        F      G
               +---------+---------+-------+---------+---------+-------+---------
         Total |       0 |     379 |   0.0 |       0 |      35 |   0.0 |  2929
               +---------+---------+-------+---------+---------+-------+---------
           D:3 |       0 |       7 |   0.0 |       0 |       3 |   0.0 |   321
           D:4 |       0 |       5 |   0.0 |       0 |       1 |   0.0 |   272
       Ossuary |       0 |     367 |   0.0 |       0 |      31 |   0.0 |  2322
               +---------+---------+-------+---------+---------+-------+---------
